 Seeded DCSS version 0.29.1-15-g9cfb28693d (webtiles) character file.

Game seed: 1 (custom seed)

141 Kazon the Insei (level 5, -8/33 HPs)
             Began as an Octopode Transmuter on Mar 24, 2023.
             Killed by divine providence
             ... invoked by an orc priest
              (11 damage)
             ... on level 3 of the Dungeon.
             The game lasted 00:12:27 (1659 turns).

Kazon the Insei (Octopode Transmuter)               Turns: 1659, Time: 00:12:29

Health: -8/33      AC:  3    Str: 12    XL:     5   Next: 24%
Magic:  6/8        EV: 13    Int: 15    God:
Gold:   219        SH:  0    Dex: 12    Spells: 3/8 levels left

rFire   + . .      SeeInvis .   e - +2 dagger (venom)
rCold   x . .      Faith    .   (no shield)
rNeg    . . .      Spirit   .   c - +2 hat of Cihorea {rF+ rC- Regen+ rCorr}
rPois   .          Reflect  .   d - amulet of the acrobat
rElec   .          Harm     .   (no ring)
rCorr   +          Rampage  .   (no ring)
Will    .....                   (no ring)
Stlth   +++.......              (no ring)
HPRegen 0.91/turn               (no ring)
MPRegen 0.11/turn               (no ring)
                                (no ring)
                                (no ring)

@: wereblooded
A: almost no armour, amphibious, 8 rings, camouflage 1, gelatinous body 1,
(nimble swimmer 1), tentacles
a: no special abilities


You were on level 3 of the Dungeon.
You visited 1 branch of the dungeon, and saw 3 of its levels.

You collected 219 gold pieces.

Inventory:

Hand Weapons
 e - a +2 dagger of venom (weapon)
Missiles
 h - 6 stones (quivered)
 k - 3 boomerangs
 l - a throwing net
Armour
 c - the +2 hat of Cihorea (worn) {rF+ rC- Regen+ rCorr}
   (You acquired it on level 1 of the Dungeon)

   rF:        It protects you from fire.
   rC:        It makes you vulnerable to cold.
   Regen:     It increases your rate of health regeneration.
   rCorr:     It protects you from acid and corrosion.
Jewellery
 d - an amulet of the acrobat (around mantle)
Scrolls
 i - a scroll of fog {unknown}
 j - a scroll of immolation {unknown}
 m - 3 scrolls of identify {unknown}
Potions
 a - a potion of lignification
 b - 2 potions of berserk rage {unknown}
 f - a potion of flight {unknown}
 g - a potion of attraction {unknown}
 n - a potion of haste {unknown}


   Skills:
 * Level 1.5 Fighting
 + Level 1.1 Short Blades
 + Level 1.2 Throwing
 * Level 2.6 Dodging
 + Level 2.6 Stealth
 + Level 3.7 Unarmed Combat
 + Level 2.3 Spellcasting
 + Level 2.3 Transmutations
 + Level 0.3 Poison Magic


You had 3 spell levels left.
You knew the following spells:

 Your Spells              Type           Power      Damage    Failure   Level
a - Beastly Appendage     Tmut           16%        N/A       9%          1
b - Wereblood             Tmut           8%         N/A       13%         2
c - Poisonous Vapours     Pois/Air       4%         N/A       30%         2

Your spell library contained the following spells:

 Spells                   Type           Power      Damage    Failure   Level
 Sting                    Tmut/Pois      20%        1d4       13%         1
 Apportation              Tloc           2%         N/A       22%         1
 Necrotise                Necr           4%         1d4       22%         1
 Summon Small Mammal      Summ           4%         N/A       22%         1
 Spider Form              Tmut/Pois      5%         N/A       36%         3
 Ice Form                 Ice/Tmut       5%         N/A       80%         4
 Olgreb's Toxic Radiance  Pois           2%         N/A       88%         4


Dungeon Overview and Level Annotations

Branches:
Dungeon (3/15)

Altars:

Shops:
D:3 (


Innate Abilities, Weirdness & Mutations

You cannot wear most types of armour.
You are amphibious.
You can wear up to eight rings at the same time.
Your skin changes colour to match your surroundings (Stealth+).
Your rubbery body absorbs attacks. (AC +1, EV +1)
((You are camouflaged when in or above water. (Stealth+)))
You have tentacles for arms and can constrict up to eight enemies at once.


Message History

The orc hits you with a +1 dagger of holy wrath.
The orc barely misses you.
The orc priest calls down the wrath of Beogh upon you.
Beogh smites you!
You hit the orc but do no damage.
The orc is poisoned.
You grab the orc. You squeeze the orc.
The orc is lightly wounded.
You constrict the orc. x2; The orc misses you.
The orc barely misses you.
The orc priest calls upon Beogh to heal the orc.
The orc's wounds heal themselves!
You hit the orc.
The orc is heavily wounded.
You constrict the orc. x2
The orc hits you with a +1 dagger of holy wrath.
The orc barely misses you.
You hit the orc priest. Your grab misses the orc priest.
Your squeeze misses the orc priest.
The orc priest is lightly wounded.
You howl as the wereblood boils in your veins!
You constrict the orc.
You feel a bit better.
You kill the orc!
You constrict the orc.
You feel a bit better.
You kill the orc!
The orc priest hits you with a +0 flail.
You closely miss the orc priest. Your grab misses the orc priest.
Your squeeze misses the orc priest.
The orc priest is lightly wounded.
The orc hits you but does no damage. The orc priest misses you.
You hit the orc.
The orc is poisoned.
Your grab misses the orc.
The orc is lightly wounded.
The orc hits you with a +0 club.
The orc priest hits you with a +0 flail!
* * * LOW HITPOINT WARNING * * *
You hit the orc priest.
The orc priest is poisoned.
You grab the orc priest.
You squeeze the orc priest, but do no damage.
The orc priest is moderately wounded.
You constrict the orc priest. The orc hits you but does no damage.
The orc priest invokes the aid of Beogh against you.
Beogh smites you!
You die...

# #.# #........###.##
#
########.............
#...........######
#...........#
###########.# #.#
####### #.#
......o##.## .
......o@...# .##
......)##.......#
....... #...###..
.#..... ##.>###.##
....... #......
.#..... ####.#
....... #.######
.#..... #......#
.......####.#.#


You could see an orc priest (very poisoned) and an orc (poisoned).

Vanquished Creatures
  Robin (D:3)
  3 gnolls (D:2)
  4 adders
  A worm (D:2)
  3 orcs (D:3)
  8 endoplasms
  A giant cockroach (D:1)
  13 goblins
  7 hobgoblins
  3 kobolds
  A quokka (D:1)
  2 ball pythons (D:2)
  4 bats
  3 frilled lizards
  4 rats
58 creatures vanquished.

Notes
Turn   | Place    | Note
-------+----------+-------------------------------------------
     0 | D:1      | Kazon the Octopode Transmuter began the quest for the Orb.
     0 | D:1      | Reached XP level 1. HP: 13/13 MP: 3/3
    49 | D:1      | Identified a scroll of acquirement
    49 | D:1      | Acquired the +2 hat of Cihorea {rF+ rC- Regen+ rCorr}
   147 | D:1      | Reached XP level 2. HP: 18/18 MP: 3/5
   661 | D:2      | Reached XP level 3. HP: 13/23 MP: 6/6
   821 | D:2      | Learned a level 2 spell: Wereblood
   836 | D:2      | Reached skill level 1 in Stealth
  1097 | D:2      | Reached XP level 4. HP: 23/28 MP: 7/7
  1118 | D:2      | Learned a level 2 spell: Poisonous Vapours
  1226 | D:2      | You fall into a shaft and drop 1 floor!
  1427 | D:3      | Found Umat's Antique Weapon Boutique.
  1593 | D:3      | Reached skill level 1 in Short Blades
  1606 | D:3      | Noticed Robin
  1611 | D:3      | Killed Robin
  1612 | D:3      | Reached XP level 5. HP: 33/33 MP: 3/8
  1613 | D:3      | Reached skill level 1 in Throwing
  1659 | D:3      | Killed from afar by an orc priest

Illustrated notes

Levels and vault maps discovered:
D:1:      dpeg_arrival_three_smaller_balls, layout_basic
D:2:      layout_loops_ring
D:3:      layout_basic, serial_shops, nicolae_shop_stone, st_stairs_9,
          minmay_misc_feat_doors, eino_curves_03, uniq_robin

Skill      XL: |  1  2  3  4  5 |
---------------+----------------+-----
Stealth        | 1 2 |  2.6
Short Blades   | 1 |  1.1
Throwing       | 1 |  1.2
Fighting       | |  1.5
Dodging        | |  2.6
Unarmed Combat | |  3.7
Spellcasting   | |  2.3
Transmutations | |  2.3
Poison Magic   | |  0.3

Action                   |  1- 3 |  4- 6 || total
-------------------------+-------+-------++-------
Melee: Dagger            |    65 |    43 ||   108
       Kick              |    14 |     3 ||    17
       Tentacles         |    13 |    11 ||    24
       Unarmed           |     1 |       ||     1
       Constrict         |    15 |    11 ||    26
       Punch             |     2 |       ||     2
Throw: Stone             |     2 |    18 ||    20
 Cast: Beastly Appendage |    12 |     1 ||    13
       Poisonous Vapours |       |     5 ||     5
       Wereblood         |       |     2 ||     2
  Use: Scroll            |     1 |       ||     1
 Stab: Sleeping          |     6 |     2 ||     8
Armor: Skin              |     5 |     6 ||    11
Dodge: Dodged            |    47 |    25 ||    72
